 Dungeon Crawl Stone Soup version 0.18.1-8-gdd0e5ea (webtiles) character file.

53 Freeplumber the Chiller (level 3, 0/26 HPs)
             Began as a Draconian Ice Elementalist on May 29, 2016.
             Killed by divine providence
             ... invoked by an orc priest
              (11 damage)
             ... on level 3 of the Dungeon on May 30, 2016.
             The game lasted 00:14:07 (1324 turns).

Freeplumber the Chiller (DrIE)                      Turns: 1324, Time: 00:14:07

Health: 0/26       AC:  5    Str: 10    XL:     3   Next: 64%
Magic:  6/7        EV: 12    Int: 16    God:
Gold:   46         SH:  0    Dex: 11    Spells: 3 memorised, 1 level left

rFire  . . .     SeeInvis .     d - +0 dagger
rCold  . . .     Gourm    .     (armour unavailable)
rNeg   . . .     Faith    .     (no shield)
rPois  .         Spirit   .     p - +0 hat
rElec  .         Dismiss  .     (no cloak)
rCorr  .         Reflect  .     (no gloves)
SustAt .         Harm     .     (no boots)
MR     .....                    (no amulet)
Stlth  ++........               (no ring)
                                (no ring)

@: very slightly contaminated, not resistant to hostile enchantments, unstealthy
A: unfitting armour, cold-blooded, AC +5
a: no special abilities


You were on level 3 of the Dungeon.
You were not hungry.

You visited 1 branch of the dungeon, and saw 3 of its levels.

You collected 46 gold pieces.

Inventory:

Hand Weapons
 d - a +0 dagger (weapon)
 e - a +0 hand axe
 h - a +0 dagger
 k - a +0 dagger
 m - a +0 short sword
 o - a +0 short sword
Missiles
 c - 22 sling bullets
 j - 18 arrows
Armour
 g - a +0 pair of gloves
 p - a +0 hat (worn)
Scrolls
 i - a scroll of identify
Books
 a - a book of Frost

   Spells                             Type                      Level
   a - Freeze                         Ice                          1
   b - Throw Frost                    Conjuration/Ice              2
   c - Ozocubu's Armour               Charms/Ice                   3
   d - Throw Icicle                   Conjuration/Ice              4
   e - Summon Ice Beast               Ice/Summoning                4
Comestibles
 b - a bread ration
 f - 2 beef jerkies
 l - a meat ration


   Skills:
 + Level 0.2 Fighting
 + Level 2.1 Dodging
 + Level 2.0 Stealth
 + Level 2.6 Spellcasting
 + Level 1.0 Conjurations
 + Level 3.8 Ice Magic


You had one spell level left.
You knew the following spells:

 Your Spells              Type           Power        Failure   Level  Hunger
a - Freeze                Ice            ##..         6%          1    #......
b - Throw Frost           Conj/Ice       #.....       12%         2    ##.....
c - Ozocubu's Armour      Chrm/Ice       #.......     28%         3    ###....


Dungeon Overview and Level Annotations

Branches:
Dungeon (3/15)

Altars:


Innate Abilities, Weirdness & Mutations

Your plain brown scales are hard (AC +5).
Your body does not fit into most forms of armour.
You are cold-blooded and may be slowed by cold attacks.


Message History

You miscast Freeze.
You are very lightly contaminated with residual magic.
Your hands feel numb with cold.
The orc completely misses you. The orc closely misses you.
The orc hits you but does no damage.
Casting: Freeze
Confirm with . or Enter, or press ? or * to list all spells.
Aiming: Freeze
Press: ? - help, Shift-Dir - straight line, f/p - orc
Aim: an orc You freeze the orc.
The orc is almost dead.
The orc closely misses you. The orc barely misses you.
The orc priest calls upon Beogh to heal the orc.
The orc is healed somewhat.
The orc barely misses you. The orc closely misses you.
The orc priest calls down the wrath of Beogh upon you.
Beogh smites you!
You die...

...... #.#..####
#........ #........
#........ #........
############........
#.....o.............
#@.o..............
#..o.....:........
#?................
##########........
#########


You could see an orc priest and 2 orcs.

Vanquished Creatures
  3 adders (D:2)
  A dart slug (D:2)
  5 goblins
  5 hobgoblins
  A ball python (D:2)
  7 bats
  4 kobolds
  3 rats (D:1)
29 creatures vanquished.

Notes
Turn   | Place    | Note
--------------------------------------------------------------
     0 | D:1      | Freeplumber the Draconian Ice Elementalist began the quest for the Orb.
     0 | D:1      | Reached XP level 1. HP: 14/14 MP: 3/3
   263 | D:1      | Reached XP level 2. HP: 19/20 MP: 0/5
   331 | D:1      | Learned a level 2 spell: Throw Frost
   629 | D:2      | Reached XP level 3. HP: 26/26 MP: 0/6
   957 | D:2      | Learned a level 3 spell: Ozocubu's Armour
  1324 | D:3      | Killed from afar by an orc priest

Skill      XL: |  1  2 |
---------------+-------+-----
Dodging        | 2 |  2.1
Stealth        | 2 |  2.0
Fighting       | |  0.2
Spellcasting   | |  2.6
Conjurations   | |  1.0
Ice Magic      | |  3.8

Action                   || total
-------------------------++-------
Melee: Dagger            ||    67
       Tailslap          ||    11
       Unarmed           ||     4
Throw: Throwing net      ||     1
 Cast: Freeze            ||    30
       Throw Frost       ||    12
       Ozocubu's Armour  ||     2
  Use: Scroll            ||     4
       Potion            ||     1
 Stab: Sleeping          ||     3
       Invisible         ||     1
  Eat: Bread ration      ||     1
Armor: Skin              ||    30
Dodge: Dodged            ||    82
